 Dungeon Crawl Stone Soup version 0.20.1-1-g8b1a95d (webtiles) character file.

436 Stelteck the Quickloader (level 7, 0/40 HPs)
             Began as a Kobold Hunter on Oct 16, 2017.
             Slain by a worker ant (4 damage)
             ... on level 4 of the Dungeon on Dec 21, 2017.
             The game lasted 00:24:13 (4603 turns).

Stelteck the Quickloader (Kobold Hunter)            Turns: 4603, Time: 00:24:15

Health: 0/40       AC:  3    Str:  9    XL:     7   Next: 21%
Magic:  7/7        EV: 14    Int: 13    God:
Gold:   246        SH:  5    Dex: 17    Spells: 6/6 levels left

rFire    . . .     SeeInvis .   b - +0 short sword (speed)
rCold    + . .     Gourm    .   v - +1 buckler
rNeg     . . .     Faith    .   c - +0 leather armour
rPois    .         Spirit   .   (no helmet)
rElec    .         Reflect  .   (no cloak)
rCorr    .         Harm     .   (no gloves)
MR       .....                  (no boots)
Stlth    ++........             (no amulet)
Regen    0.2/turn               p - ring of protection from cold
MPRegen  0.1/turn               (no ring)

@: about to teleport
A: carnivore 3
a: no special abilities


You were on level 4 of the Dungeon.
You were very full.

You visited 1 branch of the dungeon, and saw 4 of its levels.

You collected 246 gold pieces.

Inventory:

Hand Weapons
 a - a +2 hand crossbow
 b - a +0 short sword of speed (weapon)
 g - a cursed +0 hand axe
 h - a cursed -2 dagger
 t - a +2 dagger of draining
Missiles
 d - 3 bolts
Armour
 c - a +0 leather armour (worn)
 v - a +1 buckler (worn)
Jewellery
 p - a ring of protection from cold (left hand)
Scrolls
 i - a scroll of random uselessness {unknown}
Potions
 e - a potion of cancellation {unknown}
 j - a potion of haste {unknown}
 n - a potion of flight {unknown}
 o - a potion of resistance {unknown}
 q - a potion of degeneration {unknown}
 s - a potion of heal wounds {unknown}
Comestibles
 f - 6 meat rations
 k - 5 chunks of flesh
 l - a royal jelly


   Skills:
 - Level 2.1 Fighting
 + Level 9.7 Crossbows
 - Level 2.4 Dodging
 - Level 1.3 Stealth


You had 6 spell levels left.
You didn't know any spells.

Dungeon Overview and Level Annotations

Branches:
Dungeon (4/15)
 Temple: D:4-7

Altars:
Kikubaaqudgha

Shops:
D:4 =


Innate Abilities, Weirdness & Mutations

You are small and have problems with some larger weapons.
You are carnivorous and can eat meat at any time.


Message History

* * * LOW HITPOINT WARNING * * *
You feel sick. The worker ant closely misses you.
You feel better. The worker ant bites you.
* * * LOW HITPOINT WARNING * * *
You hit the worker ant but do no damage.
The worker ant is lightly wounded.
The worker ant closely misses you.
You hit the worker ant but do no damage.
The worker ant is lightly wounded.
The worker ant bites you.
* * * LOW HITPOINT WARNING * * *
You hit the worker ant but do no damage.
The worker ant is lightly wounded.
You block the worker ant's attack.
You hit the worker ant but do no damage.
The worker ant is lightly wounded.
As you read the scroll of teleportation, it crumbles to dust.
You feel strangely unstable. The worker ant barely misses you.
The worker ant bites you.
You die...

##............#
.'..W.........#. .#
##..............###.###.
#..............#.....).
#.#...#........#.......
#.#._.#........#.......
###...# ##+##..#....(..
######## #.....#?......
...##Z## #>@a...∩.. ...#
#.######+# ...#
########.# .....
#........# .....
#.######## #####


You could see a worker ant.

Vanquished Creatures
  A scorpion (D:4)
  The ghost of MrVivor the Poker, a weakling CeMo of Makhleb (D:3)
  2 hounds (D:4)
  2 orc priests (D:4)
  2 worker ants (D:4)
  7 adders
  4 worms
  4 leopard geckos
  10 orcs
  10 bats
  7 giant cockroaches
  8 goblins
  11 hobgoblins
  9 kobolds
  2 ball pythons (D:3)
  13 frilled lizards
  9 rats
102 creatures vanquished.

Vanquished Creatures (others)
  A human (D:4)
1 creature vanquished.

Grand Total: 103 creatures vanquished

Notes
Turn   | Place    | Note
-------+----------+-------------------------------------------
     0 | D:1      | Stelteck the Kobold Hunter began the quest for the Orb.
     0 | D:1      | Reached XP level 1. HP: 12/12 MP: 1/1
    50 | D:1      | Reached skill level 5 in Crossbows
   171 | D:1      | Reached XP level 2. HP: 17/17 MP: 2/2
   644 | D:1      | Reached XP level 3. HP: 21/21 MP: 3/3
  1414 | D:2      | Reached skill level 6 in Crossbows
  1697 | D:2      | Reached XP level 4. HP: 26/26 MP: 4/4
  1857 | D:2      | Found a faded altar of an unknown god.
  2434 | D:3      | Reached skill level 7 in Crossbows
  2533 | D:3      | Reached XP level 5. HP: 15/30 MP: 5/5
  3132 | D:3      | Noticed MrVivor's ghost (weakling CeMo)
  3148 | D:3      | Killed MrVivor's ghost
  3148 | D:3      | Reached skill level 8 in Crossbows
  3148 | D:3      | Reached XP level 6. HP: 24/35 MP: 6/6
  3943 | D:4      | Reached skill level 9 in Crossbows
  4361 | D:4      | Reached XP level 7. HP: 32/40 MP: 7/7
  4533 | D:4      | Found an ancient bone altar of Kikubaaqudgha.
  4579 | D:4      | Noticed a human
  4583 | D:4      | Killed a human
  4591 | D:4      | Found Qatipp's Jewellery Shoppe.
  4597 | D:4      | HP: 2/40 [poisoned by a worker ant]
  4603 | D:4      | Slain by a worker ant

Skill      XL: |  1  2  3  4  5  6 |
---------------+-------------------+-----
Crossbows      | 5 6 7 8 9 |  9.7
Fighting       | |  2.1
Dodging        | |  2.4
Stealth        | |  1.3

Action                   |  1- 3 |  4- 6 |  7- 9 || total
-------------------------+-------+-------+-------++-------
Melee: Short sword       |    27 |   108 |    32 ||   167
 Fire: Hand crossbow     |    79 |   150 |    16 ||   245
  Use: Scroll            |       |     5 |     2 ||     7
       Potion            |       |     1 |     3 ||     4
 Stab: Sleeping          |       |     1 |       ||     1
  Eat: Chunk             |    10 |     8 |     1 ||    19
Armor: Leather armour    |     7 |    25 |     3 ||    35
Dodge: Dodged            |    46 |   125 |    10 ||   181
Block: Buckler           |       |     9 |     7 ||    16
